Map: 往日神庙

Players

邀月

  • Race: Protoss Protoss
  • League: Master
  • Spawn Location: 0:00

最爱金软软的果达

  • Race: Terran Terran
  • Spawn Location: 0:00

VOD

Have the link to the VOD?

Description

Time

  • Played on: March 11, 2018, 8:01 a.m.
  • Length: 26:28
Show
View Real Time Build Order
Export as new Build Order

邀月 Protoss 

Build Orders:  

Get SALT Encoding   

  12  0:03  Probe (Chrono Boost)  
  13  0:15  Probe (Chrono Boost)  
  14  0:27  Probe (Chrono Boost)  
  15  0:39  Probe (Chrono Boost)  
  16  0:41  Pylon  
  16  0:47  Assimilator  
  16  0:51  Probe (Chrono Boost)  
  17  1:03  Probe (Chrono Boost)  
  18  1:15  Probe (Chrono Boost)  
  19  1:20  Robotics Facility  
  19  1:24  Assimilator  
  19  1:27  Probe (Chrono Boost)  
  20  1:39  Probe (Chrono Boost)  
  21  1:42  Robotics Bay  
  21  1:51  Probe (Chrono Boost)  
  22  2:03  Probe (Chrono Boost)  
  23  2:12  Immortal  
  23  2:15  Probe (Chrono Boost)  
  24  2:27  Taldarin's A.I. Personality  
  28  2:34  Probe (Chrono Boost)  
  29  2:49  Colossus  
  30  2:51  Probe (Chrono Boost)  
  20  3:10  Probe (Chrono Boost)  
  37  3:16  Warbringer's A.I. Personality  
  37  3:20  Gateway  
  37  3:26  Cybernetics Core  
  37  3:56  Gravimetric Overload  
  38  4:02  Twilight Council  
  38  4:03  Probe (Chrono Boost)  
  38  4:16  Warp Gate  
  38  4:41  Gateway  
  38  4:51  Gateway  
  38  4:52  Gateway  
  38  4:58  Immortal  
  38  4:59  Purification Blast  
  42  5:05  Pylon  
  42  5:07  Pylon  
  42  5:48  Conservator  
  45  5:51  Probe (Chrono Boost)  
  45  5:52  Gateway  
  45  6:12  Pylon  
  45  6:25  Legionnaire  
  45  6:26  Legionnaire  
  45  6:27  Kaldalis' A.I. Personality  
  51  6:38  Pylon  
  51  6:48  Psionic Projection  
  51  6:49  Legionnaire  
  58  6:53  Talis' A.I. Personality, Immortal  
  58  7:07  Conservator  
  58  7:11  Legionnaire  
  61  7:30  Charge  
  61  7:33  Legionnaire x2  
  67  8:00  Conservator x2  
  71  8:12  Empowered Blades  
  65  8:43  Legionnaire x3  
  74  8:54  Debilitation System  
  74  8:57  Gateway  
  74  9:01  Gateway  
  74  9:17  Pylon  
  68  9:45  Observer  
  68  10:22  Legionnaire x2  
  68  10:23  Legionnaire x3  
  77  10:49  Adept x3  
  77  11:09  Pylon  
  77  11:16  Colossus  
  70  12:04  Conservator  
  70  12:05  Conservator  
  70  12:09  Conservator x2  
  70  12:10  Nexus  
  70  12:17  Pylon  
  70  12:26  Pylon  
  70  12:27  Probe (Chrono Boost)  
  71  12:58  Colossus  
  71  13:12  Adept  
  71  13:13  Adept x3  
  71  13:14  Adept  
  81  13:34  Conservator x2  
  78  13:40  Stargate  
  78  13:43  Fleet Beacon, Probe (Chrono Boost)  
  74  13:59  Probe (Chrono Boost)  
  75  14:02  Probe (Chrono Boost)  
  75  14:08  Observer  
  72  14:14  Probe (Chrono Boost)  
  72  14:15  Conservator  
  72  14:16  Probe (Chrono Boost)  
  75  14:26  Probe (Chrono Boost)  
  75  14:29  Forge  
  73  14:33  Probe (Chrono Boost)  
  73  14:38  Probe (Chrono Boost)  
  73  14:39  Conservator x2  
  90  14:50  Carrier, Probe x2 (Chrono Boost)  
  80  15:01  Probe (Chrono Boost)  
  80  15:07  Probe (Chrono Boost)  
  80  15:08  Clolarion's A.I. Personality  
  82  15:16  Colossus  
  82  15:18  Legionnaire x2  
  90  15:24  Assimilator, Probe (Chrono Boost)  
  90  15:28  Observation Protocol  
  101  15:37  Probe (Chrono Boost)  
  102  15:45  Legionnaire  
  107  16:04  Interdictors  
  105  16:15  Extended Thermal Lance  
  105  16:17  Purifier Armaments  
  105  16:20  Adept x2  
  105  16:21  Adept  
  105  16:29  Probe (Chrono Boost)  
  112  16:30  Mojo's A.I. Personality  
  112  16:31  Stargate  
  112  16:33  Protoss Air Weapons Level 1  
  112  16:39  Pylon  
  112  16:50  Carrier  
  118  17:18  Assimilator  
  118  17:19  Stargate  
  118  17:37  Protoss Ground Weapons Level 1  
  118  17:50  Carrier  
  118  17:54  Pylon  
  118  17:56  Pylon  
  118  17:58  Pylon  
  124  18:20  Combat Sensor Array  
  124  18:35  Scout, Pylon  
  124  18:39  Stargate  
  127  18:42  Stargate, Adept x2  
  125  18:50  Scout  
  108  19:08  Adept x4  
  108  19:09  Legionnaire x2  
  110  19:16  Scout  
  113  19:20  Suppression Procedure  
  106  19:38  Adept x2  
  116  19:41  Pylon  
  116  19:43  Pylon  
  116  19:48  Adept  
  114  20:00  Legionnaire  
  114  20:02  Adept  
  114  20:03  Conservator  
  119  20:12  Scout  
  106  20:20  Graviton Catapult  
  106  20:29  Carrier  
  110  20:45  Legionnaire x3  
  114  21:19  Protoss Air Weapons Level 2  
  105  21:27  Scout x2  
  108  21:32  Legionnaire x2  
  108  21:34  Conservator x2  
  118  21:50  Carrier, Pylon  
  118  21:58  Adept x2  
  118  21:59  Adept  
  124  22:00  Legionnaire  
  124  22:08  Protoss Ground Weapons Level 2  
  130  23:02  Legionnaire x3  
  130  23:05  Legionnaire x2  
  145  23:32  Carrier  
  145  23:39  Observer  
  136  24:07  Conservator  
  136  24:08  Gravitic Boosters, Conservator x2, Carrier x2  
  152  24:12  Scout x2  
  158  24:20  Observer  
  148  25:21  Legionnaire x5  
  148  25:22  Legionnaire  
  153  25:45  Adept x5  
  153  25:46  Adept  
  153  26:03  Probe (Chrono Boost)  
  155  26:10  Conservator x3  
  155  26:11  Conservator x3  
Show
View Real Time Build Order
Export as new Build Order

最爱金软软的果达 Terran 

Build Orders:  

Get SALT Encoding   

Tags
 
Commander
FenixRaynor
League
Master
Matchup
Co-op
Replay Pack
Co-op Speedrun
Add a new tag
Caveats
  • Supply blocks, unpowered buildings, or Contaminate may cause inaccurate times.
  • Supply counts are checked every 10 seconds.